AoeStats
← jusart.92

Arena

510240216Analyzed
4v4 RM · 2d ago on Sep 30, 2026· 83m 20s· 8 players
Game mode
Random Map
Map size
Large (8 player)
Population
200
Speed
Normal
Resources
Standard
Victory
Conquest
Starting age
Dark Age
Ending age
Imperial Age
RankedLock teamsTeams togetherTeam positionsShared explorationLock speedFull tech treeHidden civsTurbo modeCheats
Victory
Defeat
🇵🇪 Malay · Peru
1263
+14
1226
+15
🇧🇷 Khmer · Brazil
1170
+17
🇨🇳 Dravidians · China
1158
+18
🇹🇼 Danes · Taiwan
1243
-18
🇲🇽 Danes · Mexico
1203
-16
🇺🇸 Spanish · United States
1189
-15
🇲🇽 Malians · Mexico
1187
-15
1. d4
8:19 Loom
10:05 Feudal Age
9:05 Loom
14:51 Castle Age
13:53 Double-Bit Axe
16:50 Horse Collar
24:14 Heavy Plow
25:07 Bow Saw
27:37 Wheelbarrow
27:03 Fletching
28:12 Bodkin Arrow
29:24 Hand Cart
29:38 Forging
29:33 Scale Barding Armor
29:46 Bloodlines
29:36 Husbandry
33:42 Imperial Age
33:13 Gold Mining
33:13 Stone Mining
33:50 Chain Barding Armor
34:06 Iron Casting
34:09 Cavalier
36:10 Plate Barding Armor
35:36 Bracer
37:44 Blast Furnace
37:53 Padded Archer Armor
37:35 Elite Skirmisher
38:20 Thumb Ring
40:46 Conscription
41:14 Leather Archer Armor
42:36 Ring Archer Armor
43:34 Ballistics
44:14 Chemistry
48:59 Paladin
54:23 Caravan
58:06 Light Cavalry
59:16 Hussar
66:04 Murder Holes
82:26 Onager
SanjiJose
7:39 Loom
9:53 Feudal Age
14:14 Castle Age
13:22 Double-Bit Axe
14:23 Horse Collar
24:14 Man-at-Arms
24:55 Squires
24:40 Arson
29:20 Imperial Age
27:04 Long Swordsman
28:15 Forging
28:06 Scale Mail Armor
28:16 Heavy Plow
28:42 Gold Mining
29:04 Bow Saw
30:27 Iron Casting
30:07 Chain Mail Armor
29:59 Caravan
31:20 Gold Shaft Mining
30:12 Two-Handed Swordsman
32:12 Crop Rotation
31:28 Pikeman
32:11 Stone Mining
32:12 Capped Ram
33:36 Conscription
33:58 Wheelbarrow
33:39 Champion
36:35 Plate Mail Armor
35:56 Fletching
38:04 Elite Gbeto
38:42 Onager
42:43 Chemistry
42:04 Ballistics
41:39 Murder Holes
41:54 Fortified Wall
52:11 Scale Barding Armor
53:11 Farimba
61:20 Light Cavalry
62:11 Bloodlines
62:01 Husbandry
66:25 Coinage
66:06 Guilds
68:54 Chain Barding Armor
Malvavisco
10:47 Feudal Age
11:48 Stone Mining
11:47 Double-Bit Axe
14:29 Castle Age
12:51 Horse Collar
16:22 Bow Saw
22:06 Arson
26:20 Loom
27:11 Wheelbarrow
28:00 Heavy Plow
28:29 Gold Mining
29:15 Stone Shaft Mining
28:49 Loom
30:15 Gold Shaft Mining
32:42 Squires
32:28 Gambesons
36:13 Imperial Age
34:20 Scale Mail Armor
34:31 Forging
33:45 Pikeman
36:04 Chain Mail Armor
35:52 Hamask
37:56 Stone Shaft Mining
38:25 Plate Mail Armor
38:31 Iron Casting
38:56 Conscription
40:49 Elite Jomsviking
41:16 Town Watch
41:49 Hand Cart
45:58 Caravan
47:58 Chemistry
47:05 Siege Engineers
48:57 Town Patrol
51:08 Halberdier
52:51 Blast Furnace
55:22 Fletching
55:36 Onager
57:00 Siege Onager
60:28 Elite Varangian Guard
60:50 Siege Onager
jusart.92
10:04 Feudal Age
10:05 Loom
14:03 Castle Age
31:57 Imperial Age
32:12 Fervor
32:30 Sanctity
32:38 Redemption
33:33 Block Printing
34:20 Capped Ram
34:22 Onager
35:36 Horse Collar
35:43 Double-Bit Axe
38:41 Wheelbarrow
37:51 Town Watch
joselo_ves
6:32 Loom
9:12 Feudal Age
12:25 Fletching
17:04 Horse Collar
27:17 Castle Age
27:04 Bodkin Arrow
28:33 Guard Tower
29:02 Scale Barding Armor
30:03 Husbandry
29:37 Crossbowman
31:29 Ballistics
33:04 Heavy Plow
34:39 Murder Holes
39:43 Imperial Age
37:52 Masonry
39:11 Bracer
40:05 Wheelbarrow
39:57 Forging
40:29 Wheelbarrow
39:40 Town Watch
41:39 Double-Bit Axe
43:37 Hand Cart
43:38 Gold Mining
44:50 Bow Saw
45:41 Gold Shaft Mining
48:07 Iron Casting
50:10 Blast Furnace
51:13 Chemistry
52:26 Conscription
52:07 Thalassocracy
53:02 Elite Battle Elephant
62:33 Town Patrol
63:05 Caravan
63:34 Stone Mining
67:23 Crop Rotation
73:17 Treadmill Crane
73:15 Man-at-Arms
73:56 Squires
73:43 Arson
74:36 Coinage
77:58 Forced Levy
77:51 Long Swordsman
78:38 Two-Handed Swordsman
jp.manhaes94
10:25 Feudal Age
13:36 Castle Age
11:59 Double-Bit Axe
14:38 Bow Saw
14:14 Horse Collar
17:08 Wheelbarrow
21:24 Hand Cart
21:38 Loom
22:11 Hand Cart
23:53 Town Watch
24:40 Gold Mining
27:19 Scale Barding Armor
31:59 Imperial Age
30:25 Town Patrol
29:48 Light Cavalry
30:38 Bloodlines
31:23 Husbandry
31:47 Chain Barding Armor
31:38 Forging
32:56 Ballistics
35:09 Imperial Age
33:54 Iron Casting
37:16 Chemistry
37:22 Conscription
38:19 Gold Shaft Mining
37:51 Double Crossbow
39:19 Hussar
40:51 Heavy Scorpion
42:22 Plate Barding Armor
45:20 Blast Furnace
44:43 Siege Engineers
47:51 Tusk Swords
56:07 Capped Ram
57:01 Fortified Wall
57:05 Masonry
59:42 Onager
61:45 Siege Ram
64:37 Cavalier
76:18 Caravan
La Hire
10:06 Feudal Age
10:55 Double-Bit Axe
14:03 Castle Age
13:29 Horse Collar
15:26 Loom
15:55 Heavy Plow
16:24 Bow Saw
20:10 Wheelbarrow
21:42 Heavy Plow
25:11 Hand Cart
24:56 Fletching
30:12 Imperial Age
28:11 Bodkin Arrow
28:39 Ballistics
28:19 Stone Mining
28:31 Gold Mining
29:17 Thumb Ring
30:24 Padded Archer Armor
31:11 Bracer
31:26 Leather Archer Armor
32:13 Chemistry
31:24 Masonry
31:38 Conscription
30:57 Elite Elephant Archer
32:06 Forging
33:33 Husbandry
34:21 Ring Archer Armor
33:58 Scale Barding Armor
34:54 Hoardings
36:12 Medical Corps
36:21 Masonry
37:09 Man-at-Arms
37:35 Gambesons
37:50 Squires
37:35 Arson
37:12 Pikeman
38:17 Wootz Steel
42:44 Chain Barding Armor
43:00 Iron Casting
42:26 Scale Mail Armor
44:24 Murder Holes
53:11 Blast Furnace
52:27 Chain Mail Armor
51:36 Long Swordsman
51:37 Elite Urumi Swordsman
54:25 Fortified Wall
55:49 Light Cavalry
55:59 Elite Skirmisher
57:57 Plate Mail Armor
58:22 Guard Tower
64:55 Siege Elephant
68:55 Halberdier
✬得↗劲儿↘魔法✬~
11:11 Feudal Age
11:56 Double-Bit Axe
11:53 Horse Collar
14:51 Castle Age
13:49 Loom
15:46 Bow Saw
24:45 Gold Mining
Connection lost

Rejoining the realm…

Still unreachable

The connection could not be restored.

Session expired

The server has moved on; the page needs a fresh start.